 Dungeon Crawl Stone Soup version 0.19-a0-1553-g64c24c3 (webtiles) character file.

12 jacquesderrida the Magician (level 2, 0/14 HPs)
             Began as a Vine Stalker Wanderer on Sept 14, 2016.
             Succumbed to an adder's poison
             ... on level 3 of the Dungeon on Sept 15, 2016.
             The game lasted 00:01:51 (352 turns).

jacquesderrida the Magician (Vine Stalker Wanderer)  Turns: 352, Time: 00:01:52

Health: 0/14       AC:  3    Str: 15    XL:     2   Next: 33%
Magic:  3/7        EV: 11    Int: 12    God:
Gold:   37         SH:  0    Dex: 12    Spells: 0 memorised, 7 levels left

rFire  . . .     SeeInvis .       - Unarmed
rCold  . . .     Gourm    .     c - +0 robe
rNeg   . . .     Faith    .     (no shield)
rPois  .         Spirit   +     (no helmet)
rElec  .         Dismiss  .     (no cloak)
rCorr  .         Reflect  .     l - +0 pair of gloves
MR     .....     Harm     .     (no boots)
Stlth  ++........               (no amulet)
                                (no ring)
                                (no ring)

@: lethally poisoned (0 -> -9)
A: fangs 2, magic shield, antimagic bite, no device heal 3, rot immunity
a: no special abilities


You were on level 3 of the Dungeon.
You were not hungry.

You visited 1 branch of the dungeon, and saw 3 of its levels.

You collected 37 gold pieces.

Inventory:

Hand Weapons
 d - a +0 club
 j - a +0 mace
Armour
 c - a +0 robe (worn)
 l - a +0 pair of gloves (worn)
Scrolls
 g - a scroll of identify {unknown}
 k - a scroll of remove curse {unknown}
 m - a scroll of recharging {unknown}
Potions
 b - a potion of lignification
 h - a potion of heal wounds {unknown}
Books
 a - a book of Conjurations

   Spells                             Type                      Level
   a - Magic Dart                     Conjuration                  1
   b - Searing Ray                    Conjuration                  2
   c - Dazzling Spray                 Conjuration/Hexes            3
   d - Fulminant Prism                Conjuration/Hexes            4
   e - Iskenderun's Mystic Blast      Conjuration                  4
   f - Iskenderun's Battlesphere      Conjuration/Charms           5
Comestibles
 f - a bread ration
 i - a beef jerky


   Skills:
 + Level 0.8 Fighting
 - Level 1.2 Stealth
 * Level 1.4 Unarmed Combat
 - Level 3.2 Spellcasting
   Level 1.0 Conjurations
   Level 2.0 Necromancy
   Level 2.0 Poison Magic
   Level 1.0 Evocations


You had 7 spell levels left.
You didn't know any spells.

Dungeon Overview and Level Annotations

Branches:
Dungeon (3/15)

Altars:


Innate Abilities, Weirdness & Mutations

You have extremely sharp teeth.
When hurt, damage is shared between your health and your magic reserves.
Your bite disrupts and absorbs the magic of your enemies.
Potions and wands cannot restore your health.
You are immune to rotting.


Message History

You feel sick. The adder bites you.
You closely miss the adder.
The adder is heavily wounded.
The adder bites you.
* * * LOW HITPOINT WARNING * * *
You are more poisoned.
The adder poisons you!
Unknown command.
It was a potion of curing.
Your system rejects the healing.
You feel better. The adder barely misses you. The adder bites you.
* * * LOW HITPOINT WARNING * * *
You miss the adder. Your bite misses the adder.
The adder is moderately wounded.
The adder bites you.
* * * LOW HITPOINT WARNING * * *
You are lethally poisoned!
The adder poisons you!
You closely miss the adder. Your bite misses the adder.
The adder is moderately wounded.
You die...

#...#.#..##
.........)##
##.#.#.#.#..# ...# #
#.#..## ..# #.##..# #
... #<#.##..#
#.##.###.#.###.##
#........#.# #..#
#@###.#.# ##.#
...####S# ..#.# #.##
.......K###.#.# #..#
............#'## #..#
.......#.......# ##.##
.......#.......# #..#
.....$.#.......# #..#
.......######+######.##
####### #.<...# #..#


You could see an adder and a kobold.

Vanquished Creatures
  2 giant cockroaches
  A goblin (D:3)
  A hobgoblin (D:3)
  2 quokkas (D:1)
  A kobold (D:3)
  5 rats
12 creatures vanquished.

Notes
Turn   | Place    | Note
-------+----------+-------------------------------------------
     0 | D:1      | jacquesderrida the Vine Stalker Wanderer began the quest for the Orb.
     0 | D:1      | jacquesderrida set off with: a book of Conjurations, a potion of lignification, a +0 robe, a +0 club, a bread ration
     0 | D:1      | Reached XP level 1. HP: 9/9 MP: 5/5
   108 | D:2      | Reached skill level 1 in Unarmed Combat
   108 | D:2      | Reached XP level 2. HP: 8/14 MP: 7/7
   352 | D:3      | Succumbed to an adder's poison

Vault maps used:
D:1:      onia_arrival_larder, serial_forest, infiniplex_forest_diagonal,
          infiniplex_forest_lined_2, infiniplex_forest_lined_2,
          infiniplex_forest_clump_tiny, infiniplex_forest_lined_room_2,
          minmay_split_cup_small
D:3:      first_bread, portal_sewer_entry_e

Skill      XL: |  1 |
---------------+----+-----
Unarmed Combat | 1 |  1.4
Fighting       | |  0.8
Stealth        | |  1.2
Spellcasting   | |  3.2
Conjurations   | |  1.0
Necromancy     | |  2.0
Poison Magic   | |  2.0
Evocations     | |  1.0

Action                   || total
-------------------------++-------
Melee: Club              ||    27
       Bite              ||     9
       Mace              ||     8
       Unarmed           ||     8
  Use: Potion            ||     1
 Stab: Sleeping          ||     1
Armor: Robe              ||     5
Dodge: Dodged            ||    36
